 Dungeon Crawl Stone Soup version 0.25.1-2-g60ff931df9 (webtiles) character file.

Game seed: 10987930049464434935

373 hawla the Slasher (level 6, -2/51 HPs)
             Began as a Minotaur Gladiator on Nov 4, 2020.
             Slain by Ijyb
             ... wielding a +0 club
              (4 damage)
             ... on level 4 of the Dungeon.
             The game lasted 00:06:19 (3021 turns).

hawla the Slasher (Minotaur Gladiator)              Turns: 3021, Time: 00:06:20

Health: -2/51      AC:  4    Str: 20    XL:     6   Next: 43%
Magic:  5/5        EV: 14    Int:  5    God:
Gold:   171        SH:  0    Dex: 12    Spells: 5/5 levels left

rFire    . . .     SeeInvis .   a - +0 long sword
rCold    . . .     Gourm    .   (no shield)
rNeg     . . .     Faith    .   b - +0 leather armour
rPois    .         Spirit   .   c - +1 hat
rElec    .         Reflect  .   (no cloak)
rCorr    .         Harm     .   (no gloves)
MR       .....                  (no boots)
Stlth    +.........             (no amulet)
HPRegen  0.17/turn              (no ring)
MPRegen  0.09/turn              (no ring)

@: very slightly contaminated
A: retaliatory headbutt, horns 2
a: no special abilities


You were on level 4 of the Dungeon.
You were not hungry.

You visited 1 branch of the dungeon, and saw 4 of its levels.

You collected 171 gold pieces.

Inventory:

Hand Weapons
 a - a +0 long sword (weapon)
 h - a +0 dagger of protection
Missiles
 e - 3 throwing nets (quivered)
 l - 5 boomerangs
 o - 8 poisoned darts
Armour
 b - a +0 leather armour (worn)
 c - a +1 hat (worn)
Scrolls
 p - a scroll of remove curse
 r - a scroll of enchant armour
Potions
 g - 2 potions of might
 i - a potion of invisibility
 j - 3 potions of curing {unknown}
 u - a potion of ambrosia
Comestibles
 d - a chunk of flesh
 f - 11 rations


   Skills:
 + Level 3.4 Fighting
 + Level 1.5(3.5) Short Blades
 + Level 5.4(5.6) Long Blades
 + Level 2.2 Throwing
 + Level 3.1 Armour
 * Level 5.3 Dodging
 + Level 0.5 Stealth


You had 5 spell levels left.
You didn't know any spells.
Your spell library was empty.

Dungeon Overview and Level Annotations

Branches:
Dungeon (4/15)
 Temple: D:4-7

Altars:

Annotations:
D:4 Ijyb


Innate Abilities, Weirdness & Mutations

You reflexively headbutt those who attack you in melee.
You have a pair of horns on your head.


Message History

Ijyb is lightly wounded.
You are engulfed in freezing vapours.
Ijyb zaps a wand.
Ijyb creates a blast of flame!
You closely miss Ijyb. You headbutt Ijyb!
Ijyb is heavily wounded.
You are engulfed in freezing vapours.
* * * LOW HITPOINT WARNING * * *
Ijyb hits you with a +0 club.
* * * LOW HITPOINT WARNING * * *
You feel much better.
You are engulfed in freezing vapours.
Ijyb screams, "Die!"
Ijyb closely misses you. You furiously retaliate!
You headbutt Ijyb.
You riposte.
You barely miss Ijyb. Your headbutt misses Ijyb.
Ijyb is severely wounded.
You are engulfed in freezing vapours.
Ouch! That really hurt!
* * * LOW HITPOINT WARNING * * *
Ijyb closely misses you. Ijyb hits you with a +0 club.
You die...

# .# #. .# #..#######
.#
##.......§##.######
..........§§.......
#.####.#.#§..#####
#.#.#§§......
#§#.+§g......
#§###@S.#####
#.########§###...#
#...§§§§§§§§.......$
#.########§########.#
§# #


You could see Ijyb and an adder.

Vanquished Creatures
  Sigmund (D:2)
  A crimson imp (D:3)
  Natasha (thrice) (D:3)
  4 adders (D:2)
  A worm (D:2)
  A leopard gecko (D:2)
  4 orcs (D:3)
  8 bats
  4 giant cockroaches
  7 goblins (D:1)
  14 hobgoblins
  11 kobolds
  A quokka (D:4)
  4 frilled lizards
  A quokka skeleton (D:4)
  4 rats
69 creatures vanquished.

Notes
Turn   | Place    | Note
-------+----------+-------------------------------------------
     0 | D:1      | hawla the Minotaur Gladiator began the quest for the Orb.
     0 | D:1      | Reached XP level 1. HP: 18/18 MP: 0/0
   190 | D:1      | Reached XP level 2. HP: 25/25 MP: 1/1
   878 | D:2      | Reached XP level 3. HP: 29/30 MP: 2/2
  1267 | D:3      | Noticed Natasha
  1277 | D:3      | Killed Natasha
  1277 | D:3      | Reached skill level 1 in Armour
  1277 | D:3      | Reached XP level 4. HP: 30/37 MP: 3/3
  1289 | D:2      | Reached skill level 1 in Short Blades
  1998 | D:2      | Noticed Sigmund
  2028 | D:2      | Killed Sigmund
  2028 | D:2      | Reached skill level 5 in Long Blades
  2028 | D:2      | Reached skill level 5 in Dodging
  2028 | D:2      | Reached XP level 5. HP: 39/45 MP: 4/4
  2233 | D:2      | Reached XP level 6. HP: 51/51 MP: 5/5
  2572 | D:3      | Noticed Natasha
  2577 | D:3      | Killed Natasha
  2723 | D:3      | Noticed Natasha
  2730 | D:3      | Killed Natasha
  3014 | D:4      | Noticed Ijyb
  3020 | D:4      | HP: 1/51 [Ijyb] (27)]
  3021 | D:4      | Slain by Ijyb

Illustrated notes

Levels and vault maps discovered:
D:1:      moated_graveyard_arrival, layout_basic
D:2:      kennysheep_big_flooded_room, layout_basic, first_ration, minivault_27,
          uniq_sigmund
D:3:      layout_basic, uniq_natasha
D:4:      layout_basic, grunt_temple_overflow_cloverleaf,
          minmay_temple_entry_large_hall, uniq_crazy_yiuf_cottage,
          uniq_eustachio, uniq_ijyb

Skill      XL: |  1  2  3  4  5  6 |
---------------+-------------------+-----
Long Blades    | 4 5 |  5.4
Dodging        | 4 5 |  5.3
Armour         | 1 2 3 |  3.1
Short Blades   | 1 |  1.5
Fighting       | 3 |  3.4
Throwing       | |  2.2
Stealth        | |  0.5

Action                   |  1- 3 |  4- 6 || total
-------------------------+-------+-------++-------
Melee: Long sword        |    15 |    79 ||    94
       Dagger            |    81 |       ||    81
       Headbutt          |    21 |    14 ||    35
Throw: Throwing net      |       |     3 ||     3
  Use: Scroll            |     2 |     9 ||    11
       Potion            |       |     3 ||     3
 Stab: Sleeping          |       |     1 ||     1
  Eat: Chunk             |     1 |     6 ||     7
Armor: Leather armour    |    28 |    12 ||    40
       Skin              |       |    16 ||    16
Dodge: Dodged            |    67 |    54 ||   121
       Rpst.: Long sword |     4 |    19 ||    23
